 Dungeon Crawl Stone Soup version 0.21.1-1-g345015f (webtiles) character file.

15 inc the Ducker (level 2, 0/12 HPs)
             Began as a Felid Transmuter on Mar 5, 2018.
             Slain by an adder (5 damage)
             ... on level 2 of the Dungeon.
             The game lasted 00:00:32 (495 turns).

inc the Ducker (Felid Transmuter)                    Turns: 495, Time: 00:00:33

Health: 0/12       AC:  1    Str:  6    XL:     2   Next: 34%
Magic:  5/6        EV: 19    Int: 14    God:
Gold:   23         SH:  0    Dex: 16    Spells: 4/5 levels left
                                        Lives:  0   Deaths: 0

rFire    . . .     SeeInvis +     - Unarmed
rCold    . . .     Gourm    .   (shield unavailable)
rNeg     . . .     Faith    .   (armour unavailable)
rPois    .         Spirit   .   (helmet unavailable)
rElec    .         Reflect  .   (cloak unavailable)
rCorr    .         Harm     .   (gloves unavailable)
MR       .....                  (boots unavailable)
Stlth    ++........             (no amulet)
HPRegen  0.04/turn              (no ring)
MPRegen  0.10/turn              (no ring)

@: lethally poisoned (0 -> -6), appendage, quick
A: very small, no armour, no weapons or thrown items, stealth, claws 1, fangs 3,
horns 2, see invisible, carnivore, speed 1, shaggy fur 1, slow metabolism 1,
sharp paws
a: End Transformation


You were on level 2 of the Dungeon.
You were not hungry.
You had grown temporary horns.
You visited 1 branch of the dungeon, and saw 2 of its levels.

You collected 23 gold pieces.

Inventory:

Missiles
 a - 12 arrows
Scrolls
 d - 4 scrolls of identify {unknown}
 e - a scroll of remove curse {unknown}
Books
 b - a book of Changes

   Spells                             Type                      Level
   a - Beastly Appendage              Transmutation                1
   b - Sticks to Snakes               Transmutation                2
   c - Spider Form                    Transmutation/Poison         3
   d - Ice Form                       Ice/Transmutation            4
   e - Blade Hands                    Transmutation                5
Comestibles
 c - 2 rations


   Skills:
 - Level 1.0 Fighting
 + Level 4.1 Dodging
 - Level 3.0 Unarmed Combat
 - Level 2.0 Spellcasting
 - Level 2.1 Transmutations


You had 4 spell levels left.
You knew the following spells:

 Your Spells              Type           Power        Failure   Level  Hunger
a - Beastly Appendage     Tmut           #.....       10%         1    ##.....


Dungeon Overview and Level Annotations

Branches:
Dungeon (2/15)

Altars:
Dithmenos
Fedhas


Innate Abilities, Weirdness & Mutations

You cannot wear armour.
You are incapable of wielding weapons or throwing items.
Your paws allow you to move quietly. (Stealth)
You have sharp claws.
You have razor-sharp teeth.
You have supernaturally acute eyesight. (SInv)
You are carnivorous and can eat meat at any time.
You cover ground quickly.
You are covered in fur. (AC +1)
You have a slow metabolism.
Your sharp claws are effective at attacking unaware monsters.
You have a pair of horns on your head.


Message History

The quokka barely misses you.
Casting: Beastly Appendage
Confirm with . or Enter, or press ? or * to list all spells.
You grow a pair of large bovine horns.
The quokka misses you. The adder bites you.
You scratch the adder. You bite the adder, but do no damage.
The adder is heavily wounded.
The quokka closely misses you. The adder bites you.
You are lethally poisoned!
The adder poisons you!
You closely miss the adder.
The adder is heavily wounded.
You feel sick. The quokka barely misses you. The adder completely misses you.
You closely miss the adder. You headbutt the adder.
The adder is severely wounded.
The quokka misses you. The adder bites you but does no damage.
You miss the adder. Your headbutt misses the adder. Your claw misses the adder.
The adder is severely wounded.
You feel sick. The adder bites you.
You die...

...#... ......
....... #+#.
....... #...
#...... #... ..
###.###
#..####.... ..
#.....#....
#..S/....# #
#.r@.....# #.
#........#
###.###=.......#
#................
#......>.........
#................
.#...............
#...............
#<...#.........


You could see an adder and a quokka.

Vanquished Creatures
  An adder (D:2)
  A bat (D:1)
  3 hobgoblins
  A rat (D:2)
6 creatures vanquished.

Notes
Turn   | Place    | Note
-------+----------+-------------------------------------------
     0 | D:1      | inc the Felid Transmuter began the quest for the Orb.
     0 | D:1      | Reached XP level 1. HP: 9/9 MP: 4/4
    38 | D:1      | Reached skill level 3 in Dodging
   110 | D:2      | Found a blossoming altar of Fedhas.
   157 | D:2      | Reached XP level 2. HP: 6/12 MP: 4/6
   160 | D:2      | Reached skill level 4 in Dodging
   466 | D:2      | Found a shadowy altar of Dithmenos.
   495 | D:2      | Slain by an adder

Skill      XL: |  1  2 |
---------------+-------+-----
Dodging        | 3 4 |  4.1
Fighting       | |  1.0
Unarmed Combat | |  3.0
Spellcasting   | |  2.0
Transmutations | |  2.1

Action                   || total
-------------------------++-------
Melee: Unarmed           ||    24
       Bite              ||     2
       Headbutt          ||     1
 Cast: Beastly Appendage ||     2
 Stab: Sleeping          ||     2
  Eat: Chunk             ||     1
Armor: Skin              ||     1
Dodge: Dodged            ||    17
